 Dungeon Crawl Stone Soup version 0.19-a0-1851-g3228ea0 (webtiles) character file.

90 Charly the Ruffian (level 4, -4/37 (38) HPs)
             Began as a Ghoul Monk on Oct 10, 2016.
             Slain by a bullfrog (6 damage)
             ... on level 6 of the Dungeon.
             The game lasted 00:08:48 (640 turns).

Charly the Ruffian (Ghoul Monk)                      Turns: 640, Time: 00:08:49

HP:   -4/37 (38)    AC:  4    Str: 17 (19) XL:     4   Next: 56%
MP:   3/3           EV: 12    Int:  4 (6)  God:
Gold: 34            SH:  0    Dex:  8 (11) Spells: 0 memorised, 3 levels left

rFire  . . .     SeeInvis .       - Unarmed
rCold  + . .     Gourm    .     a - +0 robe
rNeg   + + +     Faith    .     (no shield)
rPois  ∞         Spirit   .     (no helmet)
rElec  .         Dismiss  .     f - +1 cloak
rCorr  .         Reflect  .     (no gloves)
MR     .....     Harm     .     (no boots)
Stlth  ++........               k - amulet of regeneration
                                (no ring)
                                (no ring)

@: mighty, rotting
A: rotting body, claws 1, carnivore 3, cold resistance 1, negative energy
resistance 3, slow regeneration 1, torment resistance, unbreathing
a: no special abilities


You were on level 6 of the Dungeon.
You were not hungry.

You visited 1 branch of the dungeon, and saw 6 of its levels.

You collected 34 gold pieces.

Inventory:

Armour
 a - a +0 robe (worn)
 f - a +1 cloak (worn)
Jewellery
 k - an amulet of regeneration (around neck)
Scrolls
 e - a scroll of identify {unknown}
 g - a scroll of remove curse {unknown}
 l - 4 scrolls of amnesia {unknown}
 m - 3 scrolls of enchant armour {unknown}
 n - a scroll of immolation {unknown}
 o - a scroll of magic mapping {unknown}
Potions
 c - a potion of cancellation
 d - a potion of degeneration
 j - a potion of haste {unknown}
Comestibles
 b - a meat ration


   Skills:
 - Level 3.2 Fighting
 - Level 2.6 Dodging
 - Level 2.1 Stealth
 + Level 5.7 Unarmed Combat


You had 3 spell levels left.
You didn't know any spells.

Dungeon Overview and Level Annotations

Branches:
Dungeon (6/15)
 Temple: D:4-7

Altars:

Annotations:
D:5 exclusion: downstairs


Innate Abilities, Weirdness & Mutations

Your body is rotting away.
You thrive on raw meat.
You are immune to poison.
You have sharp fingernails.
You are carnivorous and can eat meat at any time.
Your flesh is cold resistant. (rC+)
You are immune to negative energy. (rN+++)
You regenerate slowly when monsters are visible.
You are immune to unholy pain and torment.
You can survive without breathing.


Message History

The bullfrog is severely wounded.
The bullfrog hits you!
* * * LOW HITPOINT WARNING * * *
The bullfrog misses you.
Unknown command.
It was a potion of cancellation.
You feel magically purged. The orc closely misses you.
The bullfrog hits you but does no damage.
It was a potion of degeneration.
There was something very wrong with that liquid.
You feel weakened.
You feel dopey.
You feel clumsy. The bullfrog hits you.
* * * LOW HITPOINT WARNING * * *
The orc barely misses you. The bullfrog closely misses you.
It was a potion of lignification.
You feel woody for a moment. The bullfrog barely misses you.
The orc barely misses you.
It was a potion of might.
You feel very mighty all of a sudden. The bullfrog hits you.
You die...

.# ... .. ....
#.# .F .. #..
.#.# #. ≈ .. #
###.. .#.# ..#.P
.. #.#....
..###..... ..
.......
#...<..... #....
##.##.....
#....##...oO#.#..
#....<.F@........
#......####....#.
#....#........##
#...##.#....###
#... ..#.####
..... ### # .....
.#.##


You could see an ogre, a bullfrog and an orc.

Vanquished Creatures
  A worker ant (D:4)
  4 adders
  An adder zombie (D:5)
  A dart slug (D:2)
  2 leopard geckos
  3 orcs (D:5)
  2 giant cockroaches (D:2)
  A goblin (D:2)
  A hobgoblin (D:2)
  3 bats
  2 frilled lizards (D:4)
  3 kobolds (D:3)
  2 rats (D:2)
26 creatures vanquished.

Notes
Turn   | Place    | Note
-------+----------+-------------------------------------------
     0 | D:1      | Charly the Ghoul Monk began the quest for the Orb.
     0 | D:1      | Reached XP level 1. HP: 19/19 MP: 0/0
    16 | D:2      | Reached skill level 4 in Unarmed Combat
    16 | D:2      | Reached XP level 2. HP: 18/26 MP: 1/1
    73 | D:2      | Reached XP level 3. HP: 26/31 MP: 2/2
   322 | D:3      | regen
   344 | D:4      | Reached skill level 5 in Unarmed Combat
   407 | D:5      | Entered Level 5 of the Dungeon
   414 | D:6      | Noticed a bullfrog
   414 | D:6      | Noticed a bullfrog
   539 | D:4      | Reached XP level 4. HP: 29/35 MP: 3/3
   629 | D:6      | Noticed a bullfrog
   635 | D:6      | Noticed an ogre
   640 | D:6      | Slain by a bullfrog

Vault maps used:
D:1:      minmay_arrival_floating_metal
D:2:      uniq_iyjb, uniq_sigmund
D:3:      first_bread
D:4:      serial_shops, kennysheep_little_box
D:6:      serial_bayou_pond_b

Skill      XL: |  1  2  3 |
---------------+----------+-----
Unarmed Combat | 4 5 |  5.7
Fighting       | |  3.2
Dodging        | |  2.6
Stealth        | |  2.1

Action                   |  1- 3 |  4- 6 || total
-------------------------+-------+-------++-------
Melee: Unarmed           |    61 |    16 ||    77
       Punch             |       |     1 ||     1
  Use: Potion            |       |     4 ||     4
 Stab: Sleeping          |     3 |       ||     3
  Eat: Chunk             |     3 |     2 ||     5
Armor: Robe              |     8 |     1 ||     9
Dodge: Dodged            |    35 |    16 ||    51
